 Dungeon Crawl Stone Soup version 0.20.0-15-g7f486f2 (webtiles) character file.

245 straycat the Sneak (level 5, -7/41 HPs)
             Began as a Vampire Wanderer on June 26, 2017.
             Mangled by a gnoll
             ... wielding a +0 halberd
              (14 damage)
             ... on level 3 of the Dungeon.
             The game lasted 00:13:48 (3151 turns).

straycat the Sneak (Vampire Wanderer)               Turns: 3151, Time: 00:13:49

Health: -7/41      AC:  8    Str: 10    XL:     5   Next: 83%
Magic:  5/5        EV: 10    Int: 11    God:
Gold:   180        SH:  0    Dex: 19    Spells: 0/4 levels left

rFire    . . .     SeeInvis +   u - +2 hand axe (flame)
rCold    + . .     Gourm    .   (no shield)
rNeg     + + +     Faith    .   v - +1 scale mail {rN+}
rPois    +         Spirit   .   f - +0 helmet
rElec    .         Reflect  .   (no cloak)
rCorr    .         Harm     .   (no gloves)
MR       .....                  (no boots)
Stlth    +++.......             (no amulet)
Regen    0.1/turn               (no ring)
MPRegen  0.1/turn               (no ring)

@: regenerating slowly
A: fangs 3, see invisible, unbreathing
a: Bat Form


You were on level 3 of the Dungeon.
You were thirsty.

You visited 1 branch of the dungeon, and saw 3 of its levels.

You collected 180 gold pieces.

Inventory:

Hand Weapons
 b - a +0 dagger
 o - a +0 long sword
 s - a +0 blowgun
 u - a +2 hand axe of flaming (weapon)
 x - a +0 trident
Missiles
 e - 158 stones (quivered)
 h - 37 arrows
 t - 19 poisoned needles
Armour
 f - a +0 helmet (worn)
 v - a +1 scale mail of positive energy (worn)
Jewellery
 w - an uncursed amulet of harm {unknown}
Wands
 a - a wand of flame (19/48)
Scrolls
 g - 7 scrolls of identify {unknown}
 j - 3 scrolls of teleportation {unknown}
 k - a scroll of recharging {unknown}
 l - 2 scrolls of magic mapping {unknown}
 r - 2 scrolls of remove curse {unknown}
Potions
 c - 2 potions of curing
 d - 36 potions of blood
 i - a potion of ambrosia {unknown}
 m - a potion of degeneration {unknown}
 p - 2 potions of haste {unknown}
 q - a potion of brilliance {unknown}
 z - a potion of resistance {unknown}
Books
 n - a book of Minor Magic

   Spells                             Type                      Level
   a - Magic Dart                     Conjuration                  1
   b - Blink                          Translocation                2
   c - Call Imp                       Summoning                    2
   d - Slow                           Hexes                        2
   e - Conjure Flame                  Conjuration/Fire             3
   f - Mephitic Cloud                 Conjuration/Poison/Air       3


   Skills:
 - Level 3.0 Fighting
 - Level 2.6 Axes
 - Level 2.4 Armour
 * Level 4.1 Dodging
 * Level 5.3 Stealth
   Level 1.0 Shields


You couldn't memorise any spells.
You knew the following spells:

 Your Spells              Type           Power        Failure   Level  Hunger
a - Slow                  Hex            #.......     98%         2    ###....
b - Blink                 Tloc           N/A          98%         2    ###....


Dungeon Overview and Level Annotations

Branches:
Dungeon (3/15)

Altars:
Ashenzari
Cheibriados
Dithmenos
Ru
The Shining One


Innate Abilities, Weirdness & Mutations

You heal slowly.
You have razor-sharp teeth.
You have supernaturally acute eyesight. (SInv)
You can survive without breathing.


Message History

The gnoll hits you from afar with a halberd.
* * * LOW HITPOINT WARNING * * *
The gnoll hits you with a spear.
* * * LOW HITPOINT WARNING * * *
The gnoll hits you with a club.
* * * LOW HITPOINT WARNING * * *
You hit the gnoll. You burn the gnoll.
You kill the gnoll!
Your Stealth skill increases to level 5!
You hit the gnoll. You burn the gnoll. The gnoll closely misses you.
The gnoll completely misses you.
You hit the gnoll. You burn the gnoll.
You kill the gnoll!
The gnoll closely misses you.
You see here a club.
You closely miss the gnoll. The gnoll closely misses you.
You hit the gnoll. You burn the gnoll. Your bite misses the gnoll.
The gnoll is lightly wounded.
The gnoll hits you with a halberd!
You die...

# #......##.#.#
#####. ###.........#
...... ###.......#
#####. #.......#
...# #.###......##
...# #.......#### #
...# #####..## ...
...# #.)###.....
...# #. #.@g.......
.### #.##
#..###..... )#####
..# ##.# ... .[...#
#.# #.# . ####.#
###.### #.. .
####.###.....#
#..#.#
...#.........#
#.....
...####......###..#.
......#...........#


You could see a gnoll.

Vanquished Creatures
  Terence (D:3)
  Robin (D:3)
  6 gnolls (D:3)
  5 adders (D:2)
  An ooze (D:1)
  A worm (D:3)
  A dart slug (D:1)
  3 leopard geckos
  3 orcs (D:3)
  2 giant cockroaches
  10 goblins
  10 hobgoblins
  10 jackals (D:2)
  A ball python (D:2)
  10 bats
  6 frilled lizards
  8 kobolds
  17 rats
96 creatures vanquished.

Notes
Turn   | Place    | Note
-------+----------+-------------------------------------------
     0 | D:1      | straycat the Vampire Wanderer began the quest for the Orb.
     0 | D:1      | straycat set off with: a +2 hand axe, a +0 ring mail, a potion of curing, a potion of blood
     0 | D:1      | Reached XP level 1. HP: 16/16 MP: 1/1
    79 | D:1      | Reached skill level 2 in Stealth
   153 | D:1      | Reached skill level 1 in Dodging
   153 | D:1      | Reached XP level 2. HP: 21/22 MP: 2/2
  1123 | D:2      | Reached skill level 3 in Stealth
  1123 | D:2      | Reached XP level 3. HP: 19/27 MP: 3/3
  1193 | D:2      | Reached XP level 4. HP: 20/34 MP: 4/4
  1573 | D:2      | Found a glowing golden altar of the Shining One.
  1573 | D:2      | Found a shadowy altar of Dithmenos.
  1574 | D:2      | Found a shattered altar of Ashenzari.
  2168 | D:3      | Reached skill level 4 in Stealth
  2168 | D:3      | Reached XP level 5. HP: 16/40 MP: 5/5
  2433 | D:3      | Noticed Terence
  2458 | D:3      | Killed Terence
  2662 | D:3      | Learned a level 2 spell: Slow
  2665 | D:3      | Learned a level 2 spell: Blink
  2687 | D:3      | Noticed Robin
  2703 | D:3      | Killed Robin
  2882 | D:3      | Found a sacrificial altar of Ru.
  2961 | D:3      | Found a snail-covered altar of Cheibriados.
  3146 | D:3      | Reached skill level 5 in Stealth
  3151 | D:3      | Mangled by a gnoll

Skill      XL: |  1  2  3  4  5 |
---------------+----------------+-----
Fighting       | 2 3 |  3.0
Stealth        | 2 3 4 5 |  5.3
Dodging        | 1 2 3 4 |  4.1
Axes           | |  2.6
Armour         | |  2.4
Shields        | |  1.0

Action                   |  1- 3 |  4- 6 || total
-------------------------+-------+-------++-------
Melee: Hand axe          |    86 |   175 ||   261
       Bite              |     6 |    19 ||    25
 Fire: Blowgun           |       |     3 ||     3
Throw: Stone             |       |     7 ||     7
  Use: Potion            |       |     5 ||     5
 Stab: Distracted        |     1 |       ||     1
       Sleeping          |     5 |     5 ||    10
  Eat: Corpse            |       |     1 ||     1
Armor: Ring mail         |    25 |    62 ||    87
       Scale mail        |       |    16 ||    16
Dodge: Dodged            |    54 |   135 ||   189
